 Dungeon Crawl Stone Soup version 0.17.1-3-g152610e (webtiles) character file.

1019 pipel the Basher (level 8, 0/88 HPs)
             Began as an Ogre Chaos Knight on Apr 17, 2016.
             Slain by an orc warrior
             ... wielding a +0 short sword
              (18 damage)
             ... on level 7 of the Dungeon.
             The game lasted 00:18:00 (2207 turns).

pipel the Basher (Ogre Chaos Knight)                Turns: 2207, Time: 00:18:01

Health: 0/88       AC:  5    Str: 25    XL:     8   Next: 22%
Magic:  8/8        EV: 11    Int: 15    God:    Xom [..*...]
Gold:   107        SH:  0    Dex:  9    Spells: 0 memorised, 7 levels left

rFire  . . .     SeeInvis .     a - +1 mace (chaos)
rCold  . . .     Clarity  .     b - +2 robe
rNeg   . . .     SustAt   .     (no shield)
rPois  .         Gourm    .     (helmet restricted)
rElec  .         Spirit   .     (no cloak)
rCorr  .         Warding  .     (gloves unavailable)
rMut   .         Stasis   .     (boots unavailable)
MR     .....                    q - amulet of faith
Stlth  ..........               g - ring of loudness (curse)
                                j - +4 ring of intelligence

@: mighty, not resistant to hostile enchantments, extremely unstealthy
A: unfitting armour, tough skin 1
a: Renounce Religion


You were on level 7 of the Dungeon.
You worshipped Xom.
You were a toy of Xom.
You were not hungry.

You visited 2 branches of the dungeon, and saw 8 of its levels.
You also visited: Sewer.

You collected 107 gold pieces.

Inventory:

Hand Weapons
 a - a +1 mace of chaos (weapon)
 m - a cursed -1 flail
 s - a cursed -3 flail
Missiles
 d - 31 stones
 e - 8 poisoned needles
 l - a javelin (quivered)
Armour
 b - a +2 robe (worn)
Jewellery
 g - a cursed ring of loudness (right hand)
 j - a +4 ring of intelligence (left hand)
 q - an amulet of faith (around neck)
Wands
 p - a wand of heal wounds (8)
Scrolls
 h - 3 scrolls of identify
 r - a scroll of remove curse {unknown}
 v - a scroll of immolation {unknown}
Potions
 i - a potion of haste
 k - 2 potions of flight
 n - 4 potions of curing
 t - a potion of heal wounds
 u - a potion of brilliance {unknown}
Comestibles
 c - 2 bread rations
 f - a meat ration
 o - 3 chunks of flesh


   Skills:
 + Level 8.3 Fighting
 + Level 8.7 Maces & Flails
 - Level 0.6 Throwing
 - Level 4.4 Dodging
 - Level 0.3 Stealth


You had 7 spell levels left.
You didn't know any spells.

Dungeon Overview and Level Annotations

Branches:
Dungeon (7/15)             Temple (1/1) D:4

Altars:
Yredelemnul
The Shining One


Innate Abilities, Weirdness & Mutations

You are too large for most types of armour.
You have tough skin (AC +1).


Message History

You barely miss the orc warrior.
You feel sick.
The orc warrior hits you with a short sword!
You hit the orc warrior.
The orc warrior is lightly wounded.
You closely miss the orc warrior.
The orc warrior is lightly wounded.
The orc warrior hits you with a short sword.
* * * LOW HITPOINT WARNING * * *
You hit the orc warrior.
The orc warrior is poisoned.
The orc warrior is lightly wounded.
The orc warrior hits you with a short sword!!
* * * LOW HITPOINT WARNING * * *
Evoke which item? (* to show all) (? for menu, Esc to quit)
Zapping:
p - a wand of heal wounds (9)
Press: ? - help, Shift-Dir - straight line, f - you, p - orc warrior You feel much better.
This wand has 8 charges left.
You feel sick.
You are no longer poisoned.
The orc warrior hits you with a short sword!!
You die...
Xom chortles!

###### ###....####
#.......... #..........
#..#####@...#
##.....o#####
.....##.###########..
...#..$(....#.$.......
.....##.....#..........
=.....?................#
..#...#.....#............
# #.?.......#....((......
#.o..................#.


You could see an orc warrior.

Vanquished Creatures
  Prince Ribbit (D:6)
  A hippogriff (D:6)
  A phantom (D:7)
  A scorpion (D:5)
  A crimson imp (D:5)
  An orc wizard (D:3)
  Ijyb (D:2)
  A centaur skeleton (D:4)
  An orc priest (D:5)
  6 worker ants
  A killer bee zombie (D:3)
  5 adders
  4 gnolls (D:5)
  A river rat (Sewer)
  A shadow imp (D:5)
  An ooze (D:4)
  An adder skeleton (D:4)
  4 worms
  An adder zombie (D:5)
  7 orcs
  A giant cockroach (D:1)
  3 goblins
  2 hobgoblins (D:3)
  4 jackals
  3 kobolds
  A quokka (D:3)
  5 bats
  3 giant newts
  5 rats
68 creatures vanquished.

Vanquished Creatures (collateral kills)
  The ghost of bollicks1999 the Sneak, an amateur OpAs (D:3)
  A big kobold (Sewer)
2 creatures vanquished.

Grand Total: 70 creatures vanquished

Notes
Turn   | Place    | Note
--------------------------------------------------------------
     0 | D:1      | pipel the Ogre Chaos Knight began the quest for the Orb.
     0 | D:1      | Reached XP level 1. HP: 24/24 MP: 1/1
   144 | D:1      | XOM: harmless Air miscast
   201 | D:1      | XOM: potion effect (berserk rage)
   387 | D:1      | Reached XP level 2. HP: 32/32 MP: 2/2
   445 | D:1      | XOM: colour smoke trail
   641 | D:2      | Noticed Ijyb
   653 | D:2      | Killed Ijyb
   653 | D:2      | Reached XP level 3. HP: 38/40 MP: 3/3
   682 | D:3      | Reached skill level 5 in Fighting
   682 | D:3      | Reached XP level 4. HP: 8/50 MP: 4/4
   683 | D:3      | XOM: potion effect (curing)
   838 | D:4      | XOM: god gift: gold wand {god gift}
   846 | D:4      | XOM: 2-stop teleportation journey
   867 | D:4      | Found a staircase to the Ecumenical Temple.
   881 | Temple   | Entered the Ecumenical Temple
   901 | D:4      | Reached skill level 5 in Maces & Flails
   963 | D:3      | Noticed bollicks1999's ghost (amateur OpAs)
   964 | D:3      | XOM: fog
   966 | D:3      | XOM: summons 4 friendly demons
   970 | D:3      | Killed bollicks1999's ghost
   970 | D:3      | Reached XP level 5. HP: 37/57 MP: 5/5
  1033 | D:3      | You fall through a shaft!
  1059 | D:4      | XOM: confuse monster(s)
  1066 | D:4      | XOM: god gift: dagger {god gift}
  1068 | D:4      | XOM: 1-stop teleportation journey
  1108 | D:4      | Reached XP level 6. HP: 47/66 MP: 6/6
  1218 | D:5      | XOM: noise
  1218 | D:5      | Entered Level 5 of the Dungeon
  1476 | D:5      | XOM: fog
  1498 | D:5      | Reached skill level 6 in Fighting
  1539 | D:5      | Reached XP level 7. HP: 67/75 MP: 7/7
  1699 | D:5      | Found a glowing drain.
  1712 | Sewer    | Entered a sewer
  1798 | Sewer    | Reached skill level 7 in Maces & Flails
  1827 | Sewer    | XOM: vitrification
  1831 | Sewer    | Found a white marble altar of Elyvilon.
  1898 | D:5      | XOM: divination: detect items
  2004 | D:7      | Noticed a hippogriff
  2007 | D:6      | XOM: summons friendly quasit
  2011 | D:6      | Killed a hippogriff
  2046 | D:6      | Noticed Prince Ribbit
  2046 | D:6      | XOM: cast spell 'Metabolic Englaciation'
  2051 | D:6      | XOM: potion effect (berserk rage)
  2054 | D:6      | Killed Prince Ribbit
  2054 | D:6      | Reached skill level 8 in Maces & Flails
  2054 | D:6      | Reached XP level 8. HP: 63/88 MP: 8/8
  2195 | D:7      | XOM: harmless Fire miscast
  2201 | D:7      | XOM: potion effect (might)
  2206 | D:7      | HP: 2/88 [orc warrior/short sword (20)]
  2207 | D:7      | Slain by an orc warrior

Action                   |  1- 3 |  4- 6 |  7- 9 || total
-------------------------+-------+-------+-------++-------
Melee: Mace              |    43 |   136 |   103 ||   282
Throw: Stone             |       |    11 |       ||    11
       Javelin           |       |     1 |    22 ||    23
Evoke: Wand              |       |       |     1 ||     1
  Use: Potion            |     2 |       |     3 ||     5
       Scroll            |       |     7 |       ||     7
 Stab: Petrified         |       |     1 |       ||     1
       Paralysed         |       |       |     2 ||     2
  Eat: Chunk             |       |     3 |     3 ||     6
